 Dungeon Crawl Stone Soup version 0.29-a0-1008-g949cc1d0fb (webtiles) character file.

Game seed: 297019425584318467

122 mandarbmax the Ruffian (level 5, -4/54 HPs)
             Began as an Ogre Transmuter on Aug 7, 2022.
             Was an Initiate of Qazlal.
             Slain by a sky beast (6 damage)
             ... on level 3 of the Dungeon.
             The game lasted 00:08:07 (3574 turns).

mandarbmax the Ruffian (Ogre Transmuter)            Turns: 3574, Time: 00:08:07

Health: -4/54      AC:  3    Str: 14    XL:     5   Next: 6%
Magic:  9/9        EV: 10    Int: 16    God:    Qazlal [......]
Gold:   167        SH:  0    Dex:  9    Spells: 4/10 levels left

rFire   . . .      SeeInvis .     - Unarmed
rCold   . . .      Faith    .   (no shield)
rNeg    . . .      Spirit   .   a - +0 robe
rPois   .          Reflect  .   (helmet currently unavailable)
rElec   .          Harm     .   (no cloak)
rCorr   .          Rampage  .   (gloves unavailable)
Will    .....                   (boots unavailable)
Stlth   +.........              (no amulet)
HPRegen 0.18/turn               (no ring)
MPRegen 0.11/turn               (no ring)

@: appendages (expiring)
A: horns 2, talons 2, large, unfitting armour, tough skin 1
a: End Transformation, Renounce Religion


You were on level 3 of the Dungeon.
You worshipped Qazlal.
Qazlal was noncommittal.
You had temporarily grown beastly horns and talons.
You visited 1 branch of the dungeon, and saw 4 of its levels.

You collected 167 gold pieces.

Inventory:

Armour
 a - a +0 robe (worn)
Jewellery
 h - an amulet of magic regeneration
 i - a ring of ice
Scrolls
 d - 3 scrolls of identify {unknown}
 e - a scroll of amnesia {unknown}
 f - 2 scrolls of immolation {unknown}
 g - a scroll of teleportation {unknown}
 k - a scroll of enchant weapon {unknown}
Potions
 b - a potion of flight
 c - 2 potions of might


   Skills:
 + Level 3.7 Fighting
 - Level 2.0 Dodging
 - Level 4.0 Unarmed Combat
 - Level 3.0 Spellcasting
 * Level 2.0 Transmutations


You had 4 spell levels left.
You knew the following spells:

 Your Spells              Type           Power      Damage    Failure   Level
a - Beastly Appendage     Tmut           16%        N/A       9%          1
b - Wereblood             Tmut           8%         N/A       12%         2
c - Spider Form           Tmut/Pois      5%         N/A       36%         3

Your spell library contained the following spells:

 Spells                   Type           Power      Damage    Failure   Level
 Magic Dart               Conj           8%         1d3       19%         1
 Call Imp                 Summ           2%         N/A       28%         2
 Mephitic Cloud           Conj/Pois/Air  2%         N/A       50%         3
 Ice Form                 Ice/Tmut       5%         N/A       77%         4
 Summon Lightning Spire   Summ/Air       2%         N/A       88%         4
 Storm Form               Tmut/Air       2%         N/A       100%        7
 Maxwell's Capacitive Co  Air            1%         ∞         100%        8


Dungeon Overview and Level Annotations

Branches:
Dungeon (4/15)
 Temple: D:4-7

Altars:
Ashenzari
Dithmenos
Qazlal

Shops:
D:1 [


Innate Abilities, Weirdness & Mutations

You have temporarily grown beastly horns and talons.
You are too large for most types of armour.
You have tough skin. (AC +1)


Message History

You climb downwards.
The sky beast hits you but does no damage.
There is a stone staircase leading up here.
You barely miss the sky beast. You claw the sky beast.
Your headbutt misses the sky beast.
The sky beast is lightly wounded.
The sky beast hits you but does no damage.
You closely miss the sky beast.
The sky beast is lightly wounded.
The sky beast hits you but does no damage.
You closely miss the sky beast. You headbutt the sky beast.
The sky beast is lightly wounded.
The sky beast hits you. The sky beast shocks you.
You hit the sky beast. Your kick misses the sky beast.
You punch the sky beast, but do no damage.
The sky beast is lightly wounded.
The sky beast hits you. The sky beast shocks you.
You hit the sky beast. You claw the sky beast.
The sky beast is heavily wounded.
The sky beast hits you. The sky beast shocks you.
You hit the sky beast.
You claw the sky beast, but do no damage.
The sky beast is heavily wounded.
Your transformation is almost over.
The sky beast hits you. The sky beast shocks you.
You hit the sky beast. Your kick misses the sky beast.
The sky beast is severely wounded.
The sky beast flickers out of sight!
Deactivating autopickup; reactivate with Ctrl-A.
Something hits you. Something shocks you.
* * * LOW HITPOINT WARNING * * *
You miss something. Something hits you.
* * * LOW HITPOINT WARNING * * *
Something shocks you.
* * * LOW HITPOINT WARNING * * *
Something hits you.
* * * LOW HITPOINT WARNING * * *
Something shocks you.
You die...

#.....##.....##.....#
######...._.....#'###
.......#.....#..#.#########
#####..#☼...§##.#.........#
#.####.####.#########.#
#......# #.# #.#
####......# #.#########.#
#.........####)..........#
#####.#######...@.#########
....#+#....##..<..# ###
....#_#...........# #.#
....###....#......###.#
#......(..........'...#
#).........#......#####
...........#.######
....########.#####
.............##..#


There were no monsters in sight!

Vanquished Creatures
  Natasha (D:3)
  Robin (D:2)
  An adder (D:3)
  A worm (D:3)
  2 dart slugs (D:3)
  2 orcs (D:3)
  3 endoplasms
  6 giant cockroaches (D:1)
  16 goblins
  7 hobgoblins
  2 jackals (D:2)
  A quokka (D:2)
  3 ball pythons
  3 bats
  3 frilled lizards
  5 kobolds
  8 rats
65 creatures vanquished.

Notes
Turn   | Place    | Note
-------+----------+-------------------------------------------
     0 | D:1      | mandarbmax the Ogre Transmuter began the quest for the Orb.
     0 | D:1      | Reached XP level 1. HP: 19/19 MP: 3/3
   143 | D:1      | Reached XP level 2. HP: 28/28 MP: 3/5
   176 | D:1      | Reached skill level 3 in Unarmed Combat
   281 | D:1      | Found Meny's Antique Armour Emporium.
   295 | D:1      | You fall into a shaft and drop 1 floor!
   309 | D:2      | Found a faded altar of an unknown god.
   433 | D:2      | Noticed Robin
   457 | D:2      | Reached XP level 3. HP: 14/35 MP: 4/6
   467 | D:2      | Killed Robin
   615 | D:1      | Learned a level 2 spell: Wereblood
   619 | D:1      | Learned a level 3 spell: Spider Form
  1215 | D:2      | Reached XP level 4. HP: 35/44 MP: 4/7
  1596 | D:2      | Identified the +5 dagger of Nehotyiwk {vorpal, Str+2}
  2479 | D:3      | Found a broken altar of Ashenzari.
  2497 | D:3      | Reached skill level 4 in Unarmed Combat
  2597 | D:3      | Found a stormy altar of Qazlal.
  2691 | D:3      | Became a worshipper of Qazlal Stormbringer
  2858 | D:3      | Found a shadowy altar of Dithmenos.
  3098 | D:4      | Noticed Natasha
  3101 | D:4      | Noticed a sky beast
  3102 | D:4      | Noticed a black bear
  3116 | D:3      | Killed Natasha
  3117 | D:3      | Reached XP level 5. HP: 34/54 MP: 5/9
  3574 | D:3      | HP: 2/54 [something (2)]
  3574 | D:3      | Slain by a sky beast

Illustrated notes

Levels and vault maps discovered:
D:1:      dpeg_arrival_morbid_curiosity, layout_rooms, serial_shops,
          nicolae_diamond_shop, minmay_worlds_worst_comb
D:2:      layout_basic, hellmonk_ecumenical_altar_heavens_door, uniq_robin
D:3:      layout_basic, lemuel_round_altar, grunt_qazlal_clouds,
          ashenzari_conservatory_becter
D:4:      layout_cave_pools, lemuel_round_altar, temple_pool_b,
          uniq_blork_the_orc, uniq_eustachio, uniq_natasha

Skill      XL: |  1  2  3  4 |
---------------+-------------+-----
Dodging        | 2 |  2.0
Unarmed Combat | 3 4 |  4.0
Fighting       | 2 3 |  3.7
Transmutations | 2 |  2.0
Spellcasting   | 3 |  3.0

Action                   |  1- 3 |  4- 6 || total
-------------------------+-------+-------++-------
Melee: Unarmed           |   100 |    94 ||   194
       Kick              |    25 |    24 ||    49
       Headbutt          |    10 |    15 ||    25
       Punch             |     4 |     6 ||    10
 Cast: Beastly Appendage |    24 |    24 ||    48
       Wereblood         |     1 |     7 ||     8
  Use: Potion            |     1 |     3 ||     4
       Scroll            |     1 |       ||     1
 Stab: Sleeping          |     2 |       ||     2
Armor: Robe              |    29 |    26 ||    55
       Skin              |    16 |       ||    16
Dodge: Dodged            |    33 |    42 ||    75

Table legend: (Time is in decaauts)
 A = Elapsed time spent in this place.
 B = Non-inter-level travel time spent in this place.
 C = Inter-level travel time spent in this place.
 D = Time resting spent in this place.
 E = Time spent auto-exploring this place.
 F = Levels seen in this place.
 G = Mean time per level.
                   A        B        C        D        E       F      G
               +--------+--------+--------+--------+--------+-----+--------+
         Total |   3544 |   3414 |    130 |    556 |   2303 |   4 |  886.0 |
       Dungeon |   3544 |   3414 |    130 |    556 |   2303 |   4 |  886.0 |
               +--------+--------+--------+--------+--------+-----+--------+

Top non-repeatable levels by time:
     D:2: 1616 daAuts
     D:3: 1038 daAuts
     D:1: 880 daAuts
     D:4: 9 daAuts
